 Dungeon Crawl Stone Soup version 0.27-a0-1287-gca74d27db6 (webtiles) character file.

Game seed: 8091366026995610911

93 deletemesenpai the Shield-Bearer (level 4, 0/41 HPs)
             Began as a Hill Orc Fighter on June 15, 2021.
             Frozen to death by an endoplasm (1 damage)
             ... on level 2 of the Dungeon.
             The game lasted 00:02:01 (733 turns).

deletemesenpai the Shield-Bearer (Hill Orc Fighter)  Turns: 733, Time: 00:02:05

Health: 0/41       AC: -1    Str: 19    XL:     4   Next: 61%
Magic:  4/4        EV:  7    Int:  8    God:
Gold:   53         SH:  9    Dex: 10    Spells: 3/3 levels left

rFire    . . .     SeeInvis .   a - +0 war axe
rCold    . . .     Faith    .   c - +0 kite shield
rNeg     . . .     Spirit   .   b - +0 scale mail
rPois    .         Reflect  .   (no helmet)
rElec    .         Harm     .   (no cloak)
rCorr    .         Rampage  .   (no gloves)
Will     .....                  (no boots)
Stlth    ..........             (no amulet)
HPRegen  0.13/turn              (no ring)
MPRegen  0.09/turn              (no ring)

@: corroded
A: no striking features
a: no special abilities


You were on level 2 of the Dungeon.
You visited 1 branch of the dungeon, and saw 2 of its levels.

You collected 53 gold pieces.

Inventory:

Hand Weapons
 a - a +0 war axe (weapon)
Missiles
 h - 22 poisoned darts (quivered)
Armour
 b - a +0 scale mail (worn)
 c - a +0 kite shield (worn)
Scrolls
 g - a scroll of identify {unknown}
Potions
 d - a potion of might
 e - a potion of curing {unknown}
 f - a potion of lignification {unknown}


   Skills:
 * Level 4.3 Fighting
 * Level 4.2 Axes
 + Level 3.5 Armour
 * Level 4.3 Shields


You had 3 spell levels left.
You didn't know any spells.
Your spell library was empty.

Dungeon Overview and Level Annotations

Branches:
Dungeon (1/15)

Altars:

Shops:
D:1 (


Message History

You slash the jelly!
Your hands burn!
The jelly is almost dead.
You block the jelly's attack.
You slash the jelly!
You kill the jelly!
You block the endoplasm's attack.
You have reached level 4!
You hit the endoplasm.
The endoplasm is lightly wounded.
The endoplasm freezes you.
You are frozen.
You hit the jelly. The acid corrodes you!
Your hands burn!
The jelly is moderately wounded.
You block the jelly's attack.
You barely miss the jelly.
The jelly is moderately wounded.
The jelly barely misses you.
You slash the jelly! The acid corrodes you!
Your hands burn!
The jelly is almost dead.
The jelly hits you.
You are splashed with acid!
* * * LOW HITPOINT WARNING * * *
You block the jelly's attack.
You slash the jelly!
You kill the jelly!
The endoplasm freezes you.
You are frozen.
* * * LOW HITPOINT WARNING * * *
Your Axes skill increases to level 4!
You hit the endoplasm.
The endoplasm is heavily wounded.
The endoplasm freezes you.
You are frozen.
* * * LOW HITPOINT WARNING * * *
You barely miss the endoplasm.
The endoplasm is heavily wounded.
The endoplasm hits you.
* * * LOW HITPOINT WARNING * * *
The endoplasm freezes you.
You are frozen.
You die...

####### ##########J.....#
#####......##JJJ.P.P# #
#.##.......#@#.....÷#
#####.'.......)#.#J..P..#
#.....'))......#.#J÷J...#
#.....').....#'#)#JP÷P..#
......##.....#.#.#...÷..#
.....####....#.#.#PP..PP#
.....# #######.##J..÷.?#
.....# ### ....##


You could see 4 endoplasms.

Vanquished Creatures
  2 jellies (D:2)
  A dart slug (D:2)
  A ball python (D:1)
  5 endoplasms
  A goblin (D:2)
  A hobgoblin (D:2)
  6 jackals (D:1)
  6 kobolds (D:2)
  A quokka (D:1)
  A bat (D:2)
  A frilled lizard (D:1)
  2 rats
28 creatures vanquished.

Vanquished Creatures (others)
  4 fungi (D:2)
  5 toadstools (D:2)
9 creatures vanquished.

Grand Total: 37 creatures vanquished

Notes
Turn   | Place    | Note
-------+----------+-------------------------------------------
     0 | D:1      | deletemesenpai the Hill Orc Fighter began the quest for the
                  | Orb.
     0 | D:1      | Reached XP level 1. HP: 19/19 MP: 1/1
   148 | D:1      | Reached XP level 2. HP: 24/27 MP: 2/2
   330 | D:1      | Found Wowusom's Weapon Emporium.
   442 | D:1      | You fall into a shaft and drop 1 floor!
   600 | D:2      | Reached XP level 3. HP: 33/33 MP: 3/3
   727 | D:2      | Reached XP level 4. HP: 23/40 MP: 4/4
   732 | D:2      | HP: 2/41 [frozen (4)]
   733 | D:2      | Frozen to death by an endoplasm

Illustrated notes

Levels and vault maps discovered:
D:1:      wheals_arrival_linesprint, layout_rooms, serial_shops, shop_fountains,
          serial_bayou, serial_bayou_lagoon_a, serial_bayou_lagoon_b,
          serial_bayou_pond_d, serial_bayou_crossing, serial_bayou_ford_a,
          kennysheep_small_spiral, chequers_serial_rivers_micro_e,
          minmay_misc_feat_hallway, chequers_serial_rivers_small_b
D:2:      cheibrodos_fertilizer, layout_basic, kennysheep_donut,
          minmay_diced_spiral, uniq_jessica

Skill      XL: |  1  2  3  4 |
---------------+-------------+-----
Axes           | 3 4 |  4.2
Fighting       | 4 |  4.3
Shields        | 4 |  4.3
Armour         | |  3.5

Action                   |  1- 3 |  4- 6 || total
-------------------------+-------+-------++-------
Melee: War axe           |    76 |     7 ||    83
Armor: Scale mail        |    49 |       ||    49
Dodge: Dodged            |    32 |     1 ||    33
Block: Kite shield       |    60 |     2 ||    62

Table legend: (Time is in decaauts)
 A = Elapsed time spent in this place.
 B = Non-inter-level travel time spent in this place.
 C = Inter-level travel time spent in this place.
 D = Time resting spent in this place.
 E = Time spent auto-exploring this place.
 F = Levels seen in this place.
 G = Mean time per level.
                   A        B        C        D        E       F      G
               +--------+--------+--------+--------+--------+-----+--------+
         Total |    784 |    784 |      0 |      0 |    565 |   2 |  392.0 |
       Dungeon |    784 |    784 |      0 |      0 |    565 |   2 |  392.0 |
               +--------+--------+--------+--------+--------+-----+--------+

Top non-repeatable levels by time:
     D:1: 470 daAuts
     D:2: 314 daAuts
